 Dungeon Crawl Stone Soup version 0.23-a0-767-gdc19b93d68 (webtiles) character file.

13 Esekla the Magician (level 2, -1/21 HPs)
             Began as a Formicid Wanderer on Jan 29, 2019.
             Slain by a worm (12 damage)
             ... on level 2 of the Dungeon.
             The game lasted 00:13:52 (1014 turns).

Esekla the Magician (Formicid Wanderer)             Turns: 1014, Time: 00:13:53

Health: -1/21      AC:  3    Str: 16    XL:     2   Next: 50%
Magic:  1/6        EV: 11    Int:  8    God:
Gold:   122        SH:  0    Dex: 13    Spells: 6/7 levels left

rFire    . . .     SeeInvis +   a - +0 dagger
rCold    . . .     Gourm    .   (no shield)
rNeg     . . .     Faith    +   d - +0 robe
rPois    .         Spirit   .   (helmet unavailable)
rElec    .         Reflect  .   (no cloak)
rCorr    .         Harm     .   j - +0 pair of gloves
MR       .....                  (no boots)
Stlth    ++........             g - amulet of faith
HPRegen  0.07/turn              (no ring)
MPRegen  0.10/turn              (no ring)

@: very slightly contaminated
A: permanent stasis, dig shafts and tunnels, four strong arms, antennae 3
a: Dig, Shaft Self


You were on level 2 of the Dungeon.
You were not hungry.

You visited 1 branch of the dungeon, and saw 2 of its levels.

You collected 122 gold pieces.

Inventory:

Hand Weapons
 a - a +0 dagger (weapon)
Armour
 d - a +0 robe (worn)
 j - a +0 pair of gloves (worn)
Jewellery
 g - an amulet of faith (around neck)
Scrolls
 h - a scroll of remove curse {unknown}
Potions
 b - 2 potions of mutation {unknown}
 c - a potion of berserk rage {unknown}
 e - a potion of curing {unknown}
 i - a potion of heal wounds {unknown}
Comestibles
 f - 6 rations


   Skills:
 * Level 1.2 Fighting
   Level 1.0 Maces & Flails
 - Level 1.1 Armour
 + Level 0.1 Dodging
 - Level 1.2 Stealth
   Level 1.2 Shields
 - Level 3.3 Spellcasting
 * Level 1.4 Conjurations
 + Level 2.6 Poison Magic


You had 6 spell levels left.
You knew the following spells:

 Your Spells              Type           Power        Failure   Level  Hunger
a - Sting                 Conj/Pois      #...         14%         1    ##.....

Your spell library contained the following spells:

 Spells                   Type           Power        Failure   Level  Hunger
 Shock                    Conj/Air       #...         24%         1    ##.....
 Poisonous Vapours        Pois/Air       #.....       26%         2    ###....
 Mephitic Cloud           Conj/Pois/Air  #.......     47%         3    ####...
 Conjure Flame            Conj/Fire      #.......     56%         3    ####...
 Olgreb's Toxic Radiance  Pois           #.......     71%         4    #####..
 Venom Bolt               Conj/Pois      #.........   98%         5    ######.


Dungeon Overview and Level Annotations

Branches:
Dungeon (2/15)

Altars:


Innate Abilities, Weirdness & Mutations

You cannot be hasted, slowed, berserked, paralysed or teleported.
You can dig through walls and to a lower floor.
Your four strong arms can wield two-handed weapons with a shield.
You have a pair of large antennae on your head. (SInv)


Message History

Aim: a worm (moderately wounded, poisoned)
You miscast Sting.
Sparks fly from your hands!
You hit the worm.
The worm is heavily wounded.
The worm bites you!
You barely miss the worm.
The worm is heavily wounded.
You hit the worm but do no damage.
The worm is heavily wounded.
The worm barely misses you.
You hit the worm.
The worm is severely wounded.
You hit the worm.
The worm is severely wounded.
The worm bites you but does no damage.
You hit the worm.
The worm is almost dead.
The worm bites you!
Ouch! That really hurt!
You die...

#.# .## #####
#.# .. {
#...####.# .#
#...)....###.##
#...######....
##.## #..#
#.#######.)#
#.#.w......#
#.#@#####.##
#.#.# #<#
#...#####.#
#.......#.#
##.####.#.# #.#
#.#.#### #.#
#......# #.#
#.##.#.# #w#
#(##.# .. {


You could see a worm.

Vanquished Creatures
  A bat (D:1)
  3 giant cockroaches
  2 goblins (D:1)
  2 hobgoblins
  A kobold (D:1)
  A rat (D:1)
10 creatures vanquished.

Notes
Turn   | Place    | Note
-------+----------+-------------------------------------------
     0 | D:1      | Esekla the Formicid Wanderer began the quest for the Orb.
     0 | D:1      | Esekla set off with the following items: a +0 mace, a +0
                  | robe, a ration; and the following spells available to
                  | memorise: Sting, Poisonous Vapours, Shock, Mephitic Cloud,
                  | Conjure Flame, Olgreb's Toxic Radiance, Venom Bolt
     0 | D:1      | Reached XP level 1. HP: 15/15 MP: 4/4
     2 | D:1      | Learned a level 1 spell: Sting
   183 | D:1      | Reached skill level 1 in Conjurations
   183 | D:1      | Reached XP level 2. HP: 21/21 MP: 6/6
  1014 | D:2      | Slain by a worm

Vault maps used:
D:1:      minmay_arrival_three_doors, patterned_corridor
D:2:      lemuel_coloured_pillars_altar, first_ration,
          chequers_serial_rivers_large_b, uniq_sigmund, uniq_robin

Skill      XL: |  1 |
---------------+----+-----
Conjurations   | 1 |  1.4
Fighting       | |  1.2
Maces & Flails | |  1.0
Armour         | |  1.1
Dodging        | |  0.1
Stealth        | |  1.2
Shields        | |  1.2
Spellcasting   | |  3.3
Poison Magic   | |  2.6

Action                   || total
-------------------------++-------
Melee: Dagger            ||    47
       Mace              ||     2
 Cast: Sting             ||    12
 Stab: Sleeping          ||     2
  Eat: Ration            ||     1
Armor: Robe              ||     6
Dodge: Dodged            ||    20

Table legend:
 A = Non-vault XP
 B = Vault XP
 C = Vault XP percentage of total XP
 D = Non-vault monster count
 E = Vault monster count
 F = Vault count percentage of total count
                 A         B        C        D         E       F
            +---------+---------+-------+---------+---------+-------
      Total |      19 |       0 |   0.0 |      10 |       0 |   0.0
            +---------+---------+-------+---------+---------+-------
        D:1 |      15 |       0 |   0.0 |       8 |       0 |   0.0
        D:2 |       4 |       0 |   0.0 |       2 |       0 |   0.0
            +---------+---------+-------+---------+---------+-------
